 Dungeon Crawl Stone Soup version 0.29.0-4-gdea44cf6ec (webtiles) character file.

Game seed: 8369173751231712170

3551 qw the Cleaver (level 9, -4/79 HPs)
             Began as a Minotaur Berserker on Sept 8, 2022.
             Was an Elder of Trog.
             Slain by an ogre
             ... wielding a +0 giant spiked club
              (28 damage)
             ... on level 7 of the Dungeon.
             The game lasted 00:02:33 (7669 turns).

qw the Cleaver (Minotaur Berserker)                 Turns: 7669, Time: 00:02:33

Health: -4/79      AC: 16    Str: 27    XL:     9   Next: 83%
Magic:  8/8        EV:  6    Int:  4    God:    Trog [****..]
Gold:   255        SH: 10    Dex:  9    Spells: 8/8 levels left

rFire   . . .      SeeInvis .   Y - +1 hand axe
rCold   . . .      Faith    .   e - +0 kite shield
rNeg    . . .      Spirit   .   b - +0 plate armour
rPois   .          Reflect  .   (helmet restricted)
rElec   .          Harm     .   (no cloak)
rCorr   .          Rampage  .   f - +0 pair of gloves
Will    .....                   d - +2 pair of boots
Stlth   ..........              (no amulet)
HPRegen 0.23/turn               (no ring)
MPRegen 0.11/turn               (no ring)

@: weakened, on berserk cooldown, slowed, very slow
A: horns 2, retaliatory headbutt
a: Renounce Religion, Berserk, Trog's Hand, Brothers in Arms


You were on level 7 of the Dungeon.
You worshipped Trog.
Trog was greatly pleased with you.
You visited 1 branch of the dungeon, and saw 7 of its levels.
You also visited: Sewer.

You collected 255 gold pieces.


Innate Abilities, Weirdness & Mutations

You have a pair of horns on your head.
You reflexively headbutt those who attack you in melee.


   Skills:
 - Level 7.1 Fighting
 - Level 12.1 Axes
 - Level 1.0 Throwing
 + Level 5.4 Armour
 - Level 2.1 Dodging
 - Level 9.3 Shields


You had 8 spell levels left.
You didn't know any spells.
Your spell library was empty.

Inventory:

Hand Weapons
 c - a +0 morningstar
 Y - a +1 hand axe (weapon)
Missiles
 j - a boomerang (quivered)
Armour
 b - a +0 plate armour (worn)
 d - a +2 pair of boots (worn)
 e - a +0 kite shield (worn)
 f - a +0 pair of gloves (worn)
Jewellery
 g - an amulet of regeneration
Scrolls
 a - 3 scrolls of identify
Potions
 h - 4 potions of curing
 i - a potion of might
 k - a potion of heal wounds
 l - a potion of resistance

Dungeon Overview and Level Annotations

Branches:
Dungeon (7/15)              Sewer (visited)
 Temple: D:4-7

Altars:

Annotations:
D:3 3 runed translucent doors, qw's ghost, weakling GrFi


Message History

The orc priest is almost dead.
You hit the gnoll bouda. You hit the ogre.
The gnoll sergeant splashes around in the water.
You block the ogre's attack. You block the gnoll bouda's attack.
The gnoll bouda gazes fiercely through you!
You feel as though you will be weak longer.
The orc priest looks encouraged for a moment.
The gnoll sergeant hits you but does no damage.
You hit the orc priest.
You kill the orc priest!
Trog accepts your kill.
You hear a splash. x2
You hit the orc. You barely miss the ogre.
You hit the gnoll bouda but do no damage.
You closely miss the gnoll bouda.
The gnoll bouda hits you but does no damage.
The ogre hits you with a +0 giant spiked club!
The orc hits you with a +0 dagger.
The gnoll sergeant hits you but does no damage.
You writhe in agony.
An orc wizard comes into view. It is wielding a +0 bardiche.
The orc priest looks braver for a moment.
The gnoll bouda splashes around in the water.
You closely miss the orc. Your headbutt misses the orc.
The orc is heavily wounded.
You hit the gnoll bouda.
You hit the gnoll bouda but do no damage.
You hit the ogre.
The gnoll bouda is no longer moving quickly.
The gnoll bouda barks out a call to the hunt!
The gnoll bouda picks up the pace!
The orc barely misses you. You furiously retaliate!
You headbutt the orc!
You kill the orc!
Trog accepts your kill.
The gnoll sergeant splashes around in the water.
The kobold brigand throws a curare-tipped dart.
The curare-tipped dart barely misses you.
The orc priest hits you but does no damage.
The ogre hits you with a +0 giant spiked club!!
You die...

##....# '..o.' #....#
#############''''############
#............................#
#~~~~~~~~~~~~.og{g~~~~~~~~~~~##
~~~~~~~~~~~~~.KgOgg~~~~~~~~~~~~
~~)~~~~~~~~~~..)@)~~~~~~~~~~~~~
..%..........).....))..........
.############...####.........#
.####.....###..####).........#
....#(........###...........)#
###.......##### #.##.........#
####......# ##.##.........#
..........# #..##.........#
###.......# #.####.......##


You could see a kobold brigand, an ogre, a gnoll sergeant (swift), 3 gnoll
boudas, an orc priest, an orc wizard and a gnoll (swift).

Vanquished Creatures
  A two-headed ogre (D:7)
  A cyclops (D:7)
  A wyvern (D:6)
  2 water moccasins
  An ice beast (D:6)
  A sky beast (D:6)
  A black bear (D:6)
  5 ogres (D:7)
  2 kobold brigands (Sewer)
  2 bullfrogs (D:7)
  A necrophage (D:5)
  3 scorpions
  A howler monkey (D:7)
  2 jellies (D:6)
  A gnoll bouda (D:6)
  4 orc priests
  8 hounds
  4 iguanas
  5 orc wizards
  11 gnolls
  13 adders
  A shadow imp (D:5)
  A white imp (D:5)
  2 worms (D:3)
  3 dart slugs
  18 orcs
  11 ball pythons
  6 bats
  9 endoplasms
  2 giant cockroaches (D:3)
  2 goblins
  6 hobgoblins
  5 jackals
  3 quokkas
  4 frilled lizards
  7 kobolds
  11 rats
161 creatures vanquished.

Vanquished Creatures (others)
  15 plants (Sewer)
15 creatures vanquished.

Grand Total: 176 creatures vanquished

Notes
Turn   | Place    | Note
-------+----------+-------------------------------------------
     0 | D:1      | qw the Minotaur Berserker began the quest for the Orb.
     0 | D:1      | Reached XP level 1. HP: 19/19 MP: 0/0
     0 | D:1      | 0 ||| qw: Version: 0.1-a-112-g44dc6cd
     0 | D:1      | 0 ||| qw: Game counter: 6819
     0 | D:1      | 0 ||| qw: Always use a shield: true
     0 | D:1      | 0 ||| qw: Do Orc after D:15 true
     0 | D:1      | 0 ||| qw: Do second Lair branch before Depths: true
     0 | D:1      | 0 ||| qw: Lair rune preference: random
     0 | D:1      | 0 ||| qw: Plans: Normal
     0 | D:1      | 0 ||| PLANNING D:1-11
    88 | D:1      | Reached skill level 4 in Axes
   182 | D:1      | Found a faded altar of an unknown god.
   265 | D:1      | Reached XP level 2. HP: 26/26 MP: 1/1
   267 | D:1      | 267 ||| DROPPING +0 club.
   604 | D:1      | 604 ||| INVOKING Berserk.
  1101 | D:1      | 1101 ||| UPGRADING to +0 pair of gloves.
  1106 | D:1      | 1106 ||| UPGRADING to +0 ring mail.
  1116 | D:1      | 1116 ||| DROPPING +0 animal skin.
  1117 | D:1      | 1117 ||| UPGRADING to +0 chain mail.
  1127 | D:1      | 1127 ||| DROPPING +0 ring mail.
  1128 | D:1      | 1128 ||| READING 3 scrolls labelled QAIZ ERHICKE.
  1129 | D:1      | 1129 ||| READING scroll labelled PYLLIR LIGUH.
  1275 | D:1      | 1275 ||| READING scroll labelled ITYEXI VIERA.
  1276 | D:1      | 1276 ||| READING scroll labelled VEIRUX JAGOA.
  1277 | D:1      | 1277 ||| READING scroll labelled PAOTHR VIANAO.
  1281 | D:1      | 1281 ||| READING scroll labelled HOSIOH IHISH.
  1282 | D:1      | 1282 ||| DRINKING 3 lumpy coppery potions.
  1333 | D:1      | 1333 ||| DRINKING 2 fuming purple potions.
  1334 | D:1      | 1334 ||| READING 2 scrolls of identify.
  1334 | D:1      | 1334 ||| IDENTIFYING ruby potion
  1335 | D:1      | 1335 ||| DROPPING 2 potions of lignification.
  1336 | D:1      | 1336 ||| DROPPING potion of flight.
  1362 | D:2      | Reached skill level 5 in Axes
  1432 | D:2      | Reached XP level 3. HP: 28/31 MP: 2/2
  1581 | D:2      | Reached ** piety under Trog
  1659 | D:2      | 1659 ||| Stepping ~*~*~tactically~*~*~ (stealth).
  2132 | D:2      | 2132 ||| READING scroll labelled WEKELA HOOSIADIP.
  2183 | D:3      | 2183 ||| PLANNING SEWER
  2191 | D:3      | 2191 ||| STAIRDANCE
  2453 | D:3      | 2453 ||| Stepping ~*~*~tactically~*~*~ (stealth).
  2459 | D:3      | 2459 ||| INVOKING Berserk.
  2461 | D:3      | Reached skill level 6 in Axes
  2461 | D:3      | Reached XP level 4. HP: 39/39 MP: 3/3
  2589 | D:3      | Found a glowing drain.
  2590 | D:3      | 2590 ||| UPGRADING to +0 plate armour.
  2600 | D:3      | 2600 ||| DROPPING +0 chain mail.
  2614 | Sewer    | Entered a sewer
  2618 | Sewer    | 2618 ||| Stepping ~*~*~tactically~*~*~ (stealth).
  2625 | Sewer    | Noticed a kobold brigand
  2632 | Sewer    | 2632 ||| Stepping ~*~*~tactically~*~*~ (stealth).
  2639 | Sewer    | Killed a kobold brigand
  2640 | Sewer    | Reached skill level 7 in Axes
  2640 | Sewer    | Reached XP level 5. HP: 37/45 MP: 4/4
  2665 | Sewer    | 2665 ||| Stepping ~*~*~tactically~*~*~ (stealth).
  2718 | Sewer    | Reached skill level 3 in Armour
  3276 | Sewer    | 3276 ||| READING scroll labelled ULAUH LALUUL.
  3277 | Sewer    | 3277 ||| READING 3 scrolls of identify.
  3277 | Sewer    | 3277 ||| IDENTIFYING black potion
  3278 | Sewer    | 3278 ||| DROPPING potion of magic.
  3284 | D:3      | 3284 ||| PLANNING D:1-11
  3306 | D:3      | Found a runed translucent gate.
  3306 | D:3      | Found a runed translucent gate.
  3306 | D:3      | Found a runed translucent gate.
  3475 | D:3      | Reached XP level 6. HP: 48/52 MP: 5/5
  3654 | D:3      | 3654 ||| Stepping ~*~*~tactically~*~*~ (stealth).
  3849 | D:3      | 3849 ||| Stepping ~*~*~tactically~*~*~ (stealth).
  3935 | D:3      | Noticed qw's ghost (weakling GrFi)
  3937 | D:3      | 3937 ||| READING 3 scrolls of identify.
  3937 | D:3      | 3937 ||| IDENTIFYING bubbling grey potion
  3938 | D:3      | 3938 ||| DROPPING potion of invisibility.
  3970 | D:4      | 3970 ||| Stepping ~*~*~tactically~*~*~ (hiding).
  3973 | D:4      | 3973 ||| INVOKING Berserk.
  4092 | D:4      | 4092 ||| Stepping ~*~*~tactically~*~*~ (stealth).
  4093 | D:4      | 4093 ||| Stepping ~*~*~tactically~*~*~ (stealth).
  4098 | D:4      | Reached *** piety under Trog
  4099 | D:4      | 4099 ||| Stepping ~*~*~tactically~*~*~ (hiding).
  4100 | D:4      | 4100 ||| Stepping ~*~*~tactically~*~*~ (hiding).
  4101 | D:4      | 4101 ||| Stepping ~*~*~tactically~*~*~ (hiding).
  4104 | D:4      | 4104 ||| INVOKING Berserk.
  4164 | D:4      | 4164 ||| Stepping ~*~*~tactically~*~*~ (stealth).
  4212 | D:4      | 4212 ||| Stepping ~*~*~tactically~*~*~ (stealth).
  4219 | D:4      | Reached skill level 8 in Axes
  4261 | D:4      | 4261 ||| Stepping ~*~*~tactically~*~*~ (stealth).
  4496 | D:4      | Identified the +1 robe of Noughts and Crosses {rPois Str+6
                  | Slay+2}
  4536 | D:4      | 4536 ||| Stepping ~*~*~tactically~*~*~ (hiding).
  4682 | D:4      | 4682 ||| DROPPING ring of flight.
  4683 | D:4      | 4683 ||| READING scroll labelled FAECUFUAFA.
  4684 | D:4      | 4684 ||| READING scroll labelled FUOSIEF WADO.
  4685 | D:4      | 4685 ||| READING scroll labelled GUOMUF NO VIDA.
  4695 | D:5      | Entered Level 5 of the Dungeon
  4697 | D:5      | 4697 ||| Stepping ~*~*~tactically~*~*~ (stealth).
  4699 | D:5      | 4699 ||| Stepping ~*~*~tactically~*~*~ (hiding).
  4705 | D:5      | 4705 ||| INVOKING Berserk.
  4711 | D:5      | Reached skill level 9 in Axes
  4711 | D:5      | Reached XP level 7. HP: 59/59 MP: 6/6
  4822 | D:5      | 4822 ||| DROPPING +0 whip.
  5119 | D:5      | 5119 ||| INVOKING Berserk.
  5250 | D:5      | 5250 ||| Stepping ~*~*~tactically~*~*~ (stealth).
  5288 | D:5      | 5288 ||| Stepping ~*~*~tactically~*~*~ (stealth).
  5291 | D:5      | Reached skill level 10 in Axes
  5303 | D:5      | 5303 ||| Stepping ~*~*~tactically~*~*~ (stealth).
  5414 | D:5      | 5414 ||| Stepping ~*~*~tactically~*~*~ (hiding).
  5418 | D:5      | Reached skill level 1 in Throwing
  5424 | D:5      | 5424 ||| Stepping ~*~*~tactically~*~*~ (stealth).
  5472 | D:5      | Reached XP level 8. HP: 54/69 MP: 7/7
  5766 | D:5      | 5766 ||| UPGRADING to +2 pair of boots.
  5771 | D:5      | 5771 ||| UPGRADING to +0 kite shield.
  5776 | D:5      | 5776 ||| READING 6 scrolls of identify.
  5776 | D:5      | 5776 ||| IDENTIFYING emerald potion
  5777 | D:5      | 5777 ||| DROPPING potion of degeneration.
  5807 | D:6      | 5807 ||| Stepping ~*~*~tactically~*~*~ (stealth).
  5812 | D:6      | 5812 ||| INVOKING Berserk.
  5815 | D:6      | Reached skill level 1 in Shields
  6024 | D:6      | Reached skill level 3 in Shields
  6205 | D:6      | 6205 ||| INVOKING Berserk.
  6329 | D:6      | 6329 ||| INVOKING Berserk.
  6461 | D:6      | Reached **** piety under Trog
  6512 | D:6      | 6512 ||| Stepping ~*~*~tactically~*~*~ (stealth).
  6522 | D:6      | 6522 ||| DRINKING 5 potions of curing.
  6522 | D:6      | 6522 ||| (to cure confusion)
  6530 | D:6      | Reached skill level 6 in Shields
  6642 | D:6      | 6642 ||| FLEEEEING.
  6643 | D:6      | 6643 ||| FLEEEEING.
  6644 | D:6      | 6644 ||| FLEEEEING.
  6650 | D:6      | 6650 ||| FLEEEEING.
  6651 | D:6      | 6651 ||| FLEEEEING.
  6707 | D:6      | 6707 ||| INVOKING Berserk.
  7129 | D:6      | 7129 ||| READING scroll labelled HOSSOPL YL HIS.
  7130 | D:6      | 7130 ||| READING 6 scrolls of identify.
  7130 | D:6      | 7130 ||| IDENTIFYING fizzy dark potion
  7131 | D:6      | 7131 ||| READING 5 scrolls of identify.
  7131 | D:6      | 7131 ||| IDENTIFYING bubbling cyan potion
  7132 | D:6      | 7132 ||| READING 4 scrolls of identify.
  7132 | D:6      | 7132 ||| IDENTIFYING fuming cyan potion
  7158 | D:7      | 7158 ||| STAIRDANCE
  7234 | D:7      | Reached skill level 6 in Fighting
  7283 | D:7      | 7283 ||| INVOKING Berserk.
  7285 | D:7      | Reached XP level 9. HP: 75/75 MP: 8/8
  7369 | D:7      | Reached skill level 11 in Axes
  7373 | D:7      | Noticed a two-headed ogre
  7374 | D:7      | 7374 ||| FLEEEEING.
  7375 | D:7      | 7375 ||| FLEEEEING.
  7376 | D:7      | 7376 ||| FLEEEEING.
  7377 | D:7      | 7377 ||| FLEEEEING.
  7384 | D:7      | 7384 ||| FLEEEEING.
  7385 | D:7      | 7385 ||| FLEEEEING.
  7386 | D:7      | 7386 ||| FLEEEEING.
  7387 | D:7      | 7387 ||| FLEEEEING.
  7388 | D:7      | 7388 ||| FLEEEEING.
  7390 | D:7      | 7390 ||| FLEEEEING.
  7398 | D:7      | 7398 ||| STAIRDANCE
  7434 | D:7      | 7434 ||| INVOKING Berserk.
  7438 | D:7      | Killed a two-headed ogre
  7439 | D:7      | Reached skill level 9 in Shields
  7439 | D:7      | 7439 ||| STAIRDANCE
  7594 | D:7      | 7594 ||| INVOKING Berserk.
  7621 | D:7      | 7621 ||| FLEEEEING.
  7622 | D:7      | 7622 ||| FLEEEEING.
  7641 | D:7      | Noticed a cyclops
  7645 | D:7      | 7645 ||| INVOKING Berserk.
  7653 | D:7      | Killed a cyclops
  7654 | D:7      | Reached skill level 12 in Axes
  7662 | D:7      | 7662 ||| Stepping ~*~*~tactically~*~*~ (water).
  7669 | D:7      | Slain by an ogre

Levels and vault maps discovered:
D:1:      psy_arrival_basics, layout_basic, shapermc_ecumenical_altar_venn,
          serial_corexii_hall, corexii_hall_statues_i,
          chequers_hall_statues_corner_a, corexii_hall_statues_t,
          chequers_hall_statues_y, corexii_hall_statues_t,
          corexii_hall_statues_deadend
D:2:      mumra_celtic_spiral_tile, layout_rooms
D:3:      layout_loops_ring, cheibrodos_sewer_entry_sluice,
          ebering_ghost_rock_garden, columned_hall_lemuel, minmay_misc_feat_chi,
          dreamdust_princess_bridge
D:4:      layout_rooms
D:5:      layout_loops_cross
D:6:      layout_gridville, minmay_misc_feat_nine_boxes
D:7:      lemuel_castle_with_subvaults [lemuel_castle_interior_original],
          layout_rooms, minmay_temple_entry_wispy, uniq_joseph

Skill      XL: |  1  2  3  4  5  6  7  8  9 |
---------------+----------------------------+-----
Axes           | 4 5 6 7 9 10 12 | 12.1
Armour         | 3 4 5 |  5.4
Fighting       | 4 5 6 7 |  7.1
Throwing       | 1 |  1.0
Shields        | 7 9 |  9.3
Dodging        | |  2.1

Action                   |  1- 3 |  4- 6 |  7- 9 || total
-------------------------+-------+-------+-------++-------
Melee: Hand axe          |    87 |   137 |   215 ||   439
       Headbutt          |     9 |     8 |    42 ||    59
       Punch             |       |     1 |     2 ||     3
Throw: Boomerang         |    22 |    48 |    42 ||   112
Invok: Berserk           |     2 |     3 |     9 ||    14
  Use: Scroll            |     8 |     6 |     5 ||    19
       Potion            |     2 |       |     1 ||     3
Armor: Animal skin       |     6 |       |       ||     6
       Chain mail        |    19 |       |       ||    19
       Plate armour      |       |    77 |    84 ||   161
Dodge: Dodged            |    37 |    39 |    38 ||   114
Block: Kite shield       |       |       |    63 ||    63

Table legend:
 A = Non-vault XP
 B = Vault XP
 C = Vault XP percentage of total XP
 D = Non-vault monster count
 E = Vault monster count
 F = Vault count percentage of total count
                 A         B        C        D         E       F
            +---------+---------+-------+---------+---------+-------
      Total |    2576 |    2500 |  49.3 |     123 |      38 |  23.6
            +---------+---------+-------+---------+---------+-------
        D:1 |      34 |       0 |   0.0 |      20 |       0 |   0.0
        D:2 |      31 |       0 |   0.0 |      18 |       0 |   0.0
        D:3 |      65 |       9 |  12.2 |      15 |       4 |  21.1
        D:4 |     270 |       0 |   0.0 |      16 |       0 |   0.0
        D:5 |     766 |       0 |   0.0 |      25 |       0 |   0.0
        D:6 |    1146 |       0 |   0.0 |      26 |       0 |   0.0
        D:7 |     264 |    2228 |  89.4 |       3 |      16 |  84.2
      Sewer |       0 |     263 | 100.0 |       0 |      18 | 100.0
            +---------+---------+-------+---------+---------+-------
